 Dungeon Sprint DCSS version 0.27-a0-103-g6cd7b45605 (webtiles) character file.

Game seed: 5116982068609844156

54 mhtbhm the Gusty (level 3, 0/19 HPs)
             Began as a Deep Elf Air Elementalist on Jan 23, 2021.
             Was an Initiate of Vehumet.
             Slain by a troll (5 damage)
             ... in the Dungeon (Sprint IX: "|||||||||||||||||||||||||||||").
             The game lasted 00:00:59 (550 turns).

mhtbhm the Gusty (Deep Elf Air Elementalist)         Turns: 550, Time: 00:01:00

Health: 0/19       AC:  3    Str:  2    XL:     3   Next: 66%
Magic:  9/11       EV: 14    Int: 23    God:    Vehumet [......]
Gold:   0          SH:  0    Dex: 15    Spells: 6/12 levels left

rFire    + + +     SeeInvis .   m - +2 rapier "Azacsoso" {elec, rF+++ rC+++ Str-3 Dex-3}
rCold    + + +     Faith    .   (no shield)
rNeg     . . .     Spirit   .   a - +0 robe
rPois    .         Reflect  .   l - +0 helmet
rElec    .         Harm     .   (no cloak)
rCorr    .         Rampage  .   (no gloves)
Will     .....     NoTele   +   (no boots)
Stlth    +++.......             (no amulet)
HPRegen  0.06/turn              n - +3 ring of intelligence
MPRegen  0.12/turn              o - +3 ring of dexterity

@: swift, quick
A: no striking features
a: Renounce Religion


You were in the Dungeon.
You worshipped Vehumet.
Vehumet was noncommittal.
You visited 1 branch

Inventory:

Hand Weapons
 m - the +2 rapier "Azacsoso" (weapon) {elec, rF+++ rC+++ Str-3 Dex-3}
   (You found it in the Dungeon)

   Occasionally, upon striking a foe, it can discharge electrical energy and
   cause terrible harm.
   It affects your strength (-3).
   It affects your dexterity (-3).
   It renders you almost immune to fire.
   It renders you almost immune to cold.
Armour
 a - a +0 robe (worn)
 l - a +0 helmet (worn)
Jewellery
 n - a +3 ring of intelligence (left hand)
 o - a +3 ring of dexterity (right hand)
Wands
 k - a wand of iceblast (8)
Scrolls
 h - 2 scrolls of blinking
 i - 3 scrolls of remove curse
 j - 2 scrolls of amnesia
Potions
 b - a potion of invisibility
 c - 5 potions of curing
 d - 3 potions of heal wounds
 e - a potion of haste
 f - 4 potions of magic
 g - a potion of berserk rage


   Skills:
 + Level 3.8 Dodging
 + Level 3.7 Stealth
 + Level 5.4 Spellcasting
 + Level 1.7 Conjurations
 + Level 6.0 Air Magic


You had 6 spell levels left.
You knew the following spells:

 Your Spells              Type           Power        Failure   Level
a - Shock                 Conj/Air       96%          1%          1
b - Swiftness             Air            34%          1%          2
c - Static Discharge      Conj/Air       24%          5%          3

Your spell library contained the following spells:

 Spells                   Type           Power        Failure   Level
 Airstrike                Air            17%          8%          4
 Lightning Bolt           Conj/Air       12%          45%         5


Dungeon Overview and Level Annotations

Branches:
Dungeon (1/1)

Altars:
Cheibriados
Dithmenos
Elyvilon
Fedhas
Gozag
Hepliaklqana
Kikubaaqudgha
Makhleb
Nemelex Xobeh
Okawaru
Qazlal
Ru
Sif Muna
Trog
Uskayaw
Vehumet
Wu Jian
Xom
Yredelemnul
Zin
The Shining One
Beogh
Jiyva
Lugonu


Message History

Deactivating autopickup; reactivate with Ctrl-A.
You see here a +0 plate armour.
You see here a +0 helmet.
Items here: ))))).
Evoke which item? (* to show all) (? for menu, Esc to quit)
Aiming: Iceblast
Press: ? - help, Shift-Dir - straight line, f - troll
Aim: a troll The mass of ice explodes!
The iceblast engulfs the troll!
The troll is heavily wounded.
The iceblast engulfs something!
Unknown command.
Evoke which item? (* to show all) (? for menu, Esc to quit)
Aiming: Iceblast
Press: ? - help, Shift-Dir - straight line, f/p - troll
Aim: a troll (heavily wounded)
The mass of ice explodes!
The iceblast engulfs the troll!
The troll is severely wounded.
The iceblast engulfs something.
The troll bites you.
You die... ▓▓▓▓▓▓▓▓▓▓▓▓▓▓▓▓▓▓▓▓▓▓▓▓▓▓▓▓▓▓ zZ....'.ZF.[T@..'_____________ ▓▓▓▓▓▓▓▓▓▓▓▓▓▓▓▓▓▓▓▓▓▓▓▓▓▓▓▓▓▓

You could see a troll, a bullfrog and an adder skeleton.

Vanquished Creatures
  A jelly (D)
  An adder (D)
  A white imp (D)
  A dart slug (D)
  An orc (D)
  A giant cockroach (D)
  A goblin (D)
  A hobgoblin (D)
  A frilled lizard (D)
  A giant cockroach zombie (D)
10 creatures vanquished.

Notes
Turn   | Place    | Note
-------+----------+-------------------------------------------
     0 | D        | mhtbhm the Deep Elf Air Elementalist began the quest for
                  | the Orb.
     0 | D        | Reached XP level 1. HP: 10/10 MP: 6/6
    16 | D        | Reached skill level 4 in Air Magic
   292 | D        | Noticed a jelly
   295 | D        | Reached XP level 2. HP: 15/15 MP: 5/8
   296 | D        | Reached skill level 5 in Spellcasting
   296 | D        | Reached skill level 5 in Air Magic
   296 | D        | Reached XP level 3. HP: 15/19 MP: 4/11
   298 | D        | Reached skill level 6 in Air Magic
   472 | D        | Learned a level 2 spell: Swiftness
   476 | D        | Learned a level 3 spell: Static Discharge
   482 | D        | Found a roughly hewn altar of Beogh.
   482 | D        | Found a snail-covered altar of Cheibriados.
   482 | D        | Found a shadowy altar of Dithmenos.
   482 | D        | Found a white marble altar of Elyvilon.
   482 | D        | Found a blossoming altar of Fedhas.
   482 | D        | Found an opulent altar of Gozag.
   483 | D        | Found a hazy altar of Hepliaklqana.
   484 | D        | Found a viscous altar of Jiyva.
   485 | D        | Found an ancient bone altar of Kikubaaqudgha.
   486 | D        | Found a corrupted altar of Lugonu.
   487 | D        | Found a burning altar of Makhleb.
   488 | D        | Found a sparkling altar of Nemelex Xobeh.
   489 | D        | Found an iron altar of Okawaru.
   490 | D        | Found a stormy altar of Qazlal.
   491 | D        | Found a sacrificial altar of Ru.
   492 | D        | Found a shimmering blue altar of Sif Muna.
   493 | D        | Found a bloodstained altar of Trog.
   494 | D        | Found a hide-covered altar of Uskayaw.
   495 | D        | Found a radiant altar of Vehumet.
   496 | D        | Found an ornate altar of the Wu Jian Council.
   497 | D        | Found a shimmering altar of Xom.
   498 | D        | Found a basalt altar of Yredelemnul.
   499 | D        | Found a glowing silver altar of Zin.
   500 | D        | Found a glowing golden altar of the Shining One.
   503 | D        | Became a worshipper of Vehumet
   529 | D        | Got the +2 rapier "Azacsoso" {elec, rF+++ rC+++ Str-3
                  | Dex-3}
   541 | D        | Noticed a bullfrog
   541 | D        | Noticed a sky beast
   541 | D        | Noticed a troll
   550 | D        | Slain by a troll

Illustrated notes

Levels and vault maps discovered:
D:        linesprint [early_d, line_temple, items_1, d_10, items_2, lair_1,
          lair_end, items_3, orc_1, orc_end, items_4, d_15, swamp_1, shoals_1,
          snake_1, spider_1, d_20, vaults_1, items_5, swamp_end, shoals_end,
          snake_end, spider_end, vaults_end, d_27, items_6, zot_1, zot_end,
          crypt_end, forest_end, elf_end, slime_end, tomb_end, abyss_end,
          pan_hell_end]

Skill      XL: |  1  2  3 |
---------------+----------+-----
Air Magic      | 4 5 6 |  6.0
Dodging        | 3 |  3.8
Stealth        | 3 |  3.7
Spellcasting   | 5 |  5.4
Conjurations   | |  1.7

Action                   || total
-------------------------++-------
 Cast: Shock             ||    11
       Swiftness         ||     1
Evoke: Wand              ||     2
Armor: Robe              ||     3
Dodge: Dodged            ||     5

Table legend: (Time is in decaauts)
 A = Elapsed time spent in this place.
 B = Non-inter-level travel time spent in this place.
 C = Inter-level travel time spent in this place.
 D = Time resting spent in this place.
 E = Time spent auto-exploring this place.
 F = Levels seen in this place.
 G = Mean time per level.
                   A        B        C        D        E       F      G
               +--------+--------+--------+--------+--------+-----+--------+
         Total |    547 |    547 |      0 |    438 |      3 |   1 |  547.0 |
       Dungeon |    547 |    547 |      0 |    438 |      3 |   1 |  547.0 |
               +--------+--------+--------+--------+--------+-----+--------+

Top non-repeatable levels by time:
       D: 547 daAuts
